 Dungeon Crawl Stone Soup version 0.19-a0-1021-g80cc50c (webtiles) character file.

232 Sixotanaka the Slasher (level 5, -1/34 HPs)
             Began as a High Elf Skald on July 26, 2016.
             Slain by Kaishin's ghost (2 damage)
             ... on level 4 of the Dungeon.
             The game lasted 00:08:39 (3961 turns).

Sixotanaka the Slasher (High Elf Skald)             Turns: 3961, Time: 00:08:40

Health: -1/34      AC:  4    Str: 11    XL:     5   Next: 73%
Magic:  6/9        EV: 14    Int: 15    God:
Gold:   153        SH:  0    Dex: 16    Spells: 3 memorised, 2 levels left

rFire  . . .     SeeInvis .     a - +0 falchion
rCold  . . .     Gourm    .     b - +0 leather armour
rNeg   . . .     Faith    .     (no shield)
rPois  .         Spirit   .     (no helmet)
rElec  .         Dismiss  .     y - +0 cloak
rCorr  .         Reflect  .     (no gloves)
SustAt .         Harm     .     (no boots)
MR     .....                    (no amulet)
Stlth  +.........               (no ring)
                                i - +3 ring of evasion

@: confused, not resistant to hostile enchantments, very unstealthy
A: no striking features
a: no special abilities


You were on level 4 of the Dungeon.
You were not hungry.

You visited 1 branch of the dungeon, and saw 5 of its levels.

You collected 153 gold pieces.


   Skills:
 - Level 2.0 Fighting
 * Level 6.6 Long Blades
 - Level 0.8 Armour
 - Level 1.1 Dodging
 - Level 2.4 Spellcasting
 + Level 4.7 Charms


You had 2 spell levels left.
You knew the following spells:

 Your Spells              Type           Power        Failure   Level  Hunger
a - Shroud of Golubria    Chrm/Tloc      #.........   21%         2    ###....
c - Spectral Weapon       Hex/Chrm       #.......     38%         3    ###....
z - Infusion              Chrm           ###.         4%          1    #......


Dungeon Overview and Level Annotations

Branches:
Dungeon (5/15)
 Temple: D:4-7

Altars:
Gozag
Ru
Lugonu

Portals:
Abyss: D:1

Annotations:
D:3 exclusion: ogre
D:4 Kaishin's ghost, amateur SpEn

Inventory:

Hand Weapons
 a - a +0 falchion (weapon)
Missiles
 h - 11 poisoned needles
 t - 3 silver tomahawks (quivered)
Armour
 b - a +0 leather armour (worn)
 y - a +0 cloak (worn)
   (You found it on level 4 of the Dungeon)
Jewellery
 i - a +3 ring of evasion (left hand)
   (You found it on level 1 of the Dungeon)
Scrolls
 g - 4 scrolls of remove curse {unknown}
 k - 5 scrolls of teleportation {unknown}
 o - a scroll of magic mapping {unknown}
 p - a scroll of noise {unknown}
 q - 4 scrolls of random uselessness {unknown}
 r - a scroll of recharging {unknown}
 u - 3 scrolls of identify {unknown}
Potions
 e - 3 potions of curing {unknown}
 j - 2 potions of cancellation {unknown}
 l - a potion of degeneration {unknown}
 m - a potion of lignification {unknown}
 n - 2 potions of agility {unknown}
 s - a potion of flight {unknown}
 v - a potion of might {unknown}
Books
 c - a book of Battle
Comestibles
 d - 4 bread rations {@e1}
 f - 2 meat rations {@e2}
 w - a slice of pizza
 x - 3 chunks of flesh
 z - a fruit

#...#......# #.## ###...#......#
#.## #.....#......# #.##
###############....##......###.##
'....).)......'..................
####.#####...##....######.####...
####.# #...##....######.# #...
.....#####...#####......#.####...
...............W@.........>......
.....#####...#####......#......#.
#.#### #...# #......#........ ..#
##### #......#.##.#..# ..#
#......#.##.#..# ..#
########....#..# ..# #...##.....
..# #####.#.##.....
#...)..........


You could see Kaishin's ghost.


Message History

Kaishin's ghost gestures at you while chanting.
You are more confused.
Kaishin's ghost gestures at you while chanting.
You fall asleep.
Kaishin's ghost hits you but does no damage.
You wake up.
You bump into the rock wall.
Kaishin's ghost hits you but does no damage.
You bump into the rock wall.
Kaishin's ghost hits you. Kaishin's ghost burns you.
You bump into the rock wall.
For a moment, Kaishin's ghost blends into the shadows.
Kaishin's ghost closely misses you.
You bump into the rock wall.
Kaishin's ghost barely misses you.
You bump into the rock wall.
Kaishin's ghost hits you but does no damage.
You're too confused to move!
Kaishin's ghost closely misses you.
You closely miss Kaishin's ghost.
Kaishin's ghost points at you and mumbles some strange words.
You fall asleep.
Kaishin's ghost hits you.
You wake up.
Kaishin's ghost burns you.
You barely miss Kaishin's ghost.
You feel less confused. Kaishin's ghost hits you. Kaishin's ghost burns you.
* * * LOW HITPOINT WARNING * * *
You miss Kaishin's ghost. Kaishin's ghost hits you.
* * * LOW HITPOINT WARNING * * *
Kaishin's ghost burns you.
* * * LOW HITPOINT WARNING * * *
Unknown command.
Kaishin's ghost points at you and mumbles some strange words.
You resist with some effort.
Kaishin's ghost says, "I guess you can't buy your way into a good afterlife."
Kaishin's ghost hits you.
* * * LOW HITPOINT WARNING * * *
Kaishin's ghost burns you.
* * * LOW HITPOINT WARNING * * *
You are no longer glowing.
Kaishin's ghost gestures at you while chanting.
You are confused.
You bump into the rock wall.
Kaishin's ghost hits you.
* * * LOW HITPOINT WARNING * * *
Kaishin's ghost burns you.
* * * LOW HITPOINT WARNING * * *
You're too confused to move!
Kaishin's ghost hits you.
* * * LOW HITPOINT WARNING * * *
Kaishin's ghost burns you.
You die...

Vault maps used:
D:1:      erik_arrival_cave_to_civilisation, nrook_mini_backslash,
          minmay_tree_intersection
D:2:      nicolae_overflow_hidden_temple, ecumenical_altar_2, first_bread,
          nrook_uturn
D:3:      cheibriados_altar_wand_db, lemuel_crystal_altar, grunt_gozag_statues,
          kennysheep_nub
D:4:      minmay_wonky_spiral, vehumet_statue, led_sif_book
D:5:      good_gods_temple_1, grunt_pakellas_basics

Vanquished Creatures
  A hound (D:4)
  An orc wizard (D:4)
  An iguana (D:4)
  A worker ant (D:4)
  3 adders
  An adder zombie (D:5)
  An adder skeleton (D:4)
  A worm (D:3)
  A dart slug (D:1)
  3 giant geckos
  12 orcs
  3 ball pythons
  3 giant cockroaches
  12 goblins
  5 hobgoblins
  3 jackals
  A quokka (D:2)
  A ball python zombie (D:5)
  4 bats
  A giant newt (D:1)
  4 kobolds
  9 rats
72 creatures vanquished.

Table legend:
 A = Turns spent in this place as a percentage of turns spent in the entire game.
 B = Non-inter-level travel turns spent in this place as a percentage of non-inter-level travel turns spent in the entire game.
 C = Inter-level travel turns spent in this place as a percentage of turns spent in this place.
 D = Turns resting spent in this place as a percentage of non-inter-level travel turns spent in this place.
 E = Turns spent auto-exploring this place as a percentage of non-inter-level travel turns spent in this place.
 F = Non-inter-level travel turns spent in this place divided by the number of levels of this place that you've seen.
                   A       B       C       D       E      F
               +-------+-------+-------+-------+-------+----------------------
         Total | 100.0 | 100.0 |   0.1 |   6.6 |  14.8 | 215.4
       Dungeon | 100.0 | 100.0 |   0.1 |   6.6 |  14.8 | 215.4
               +-------+-------+-------+-------+-------+----------------------

Table legend:
 A = Kills in this place as a percentage of kills in entire the game.
 B = Kills by you in this place as a percentage of kills by you in the entire game.
 C = Kills by friends in this place as a percentage of kills by friends in the entire game.
 D = Other kills in this place as a percentage of other kills in the entire game.
 E = Experience gained in this place as a percentage of experience gained in the entire game.
 F = Experience gained in this place divided by the number of levels of this place that you have seen.
                   A       B       C       D       E      F
               +-------+-------+-------+-------+-------+----------------------
         Total | 100.0 | 100.0 |  -nan |  -nan | 100.0 |  66.4
       Dungeon | 100.0 | 100.0 |  -nan |  -nan | 100.0 |  66.4
               +-------+-------+-------+-------+-------+----------------------

Notes
Turn   | Place    | Note
-------+----------+-------------------------------------------
     0 | D:1      | Sixotanaka the High Elf Skald began the quest for the Orb.
     0 | D:1      | Reached XP level 1. HP: 14/14 MP: 4/4
   145 | D:1      | Found a one-way gate to the infinite horrors of the Abyss.
   145 | D:1      | Found a corrupted altar of Lugonu.
   145 | D:1      | Noticed a quasit
   145 | D:1      | Noticed an iron imp
   145 | D:1      | Noticed a demonic crawler
   146 | D:1      | Noticed a quasit
   146 | D:1      | Noticed a quasit
   146 | D:1      | Noticed an iron imp
   146 | D:1      | Noticed a quasit
   179 | D:1      | Reached skill level 3 in Long Blades
   185 | D:1      | Noticed an iron imp
   332 | D:1      | Reached XP level 2. HP: 5/19 MP: 6/6
  1504 | D:2      | Learned a level 2 spell: Shroud of Golubria
  1747 | D:2      | Reached skill level 4 in Long Blades
  1870 | D:2      | Found a faded altar of an unknown god.
  1886 | D:2      | Reached XP level 3. HP: 13/24 MP: 0/7
  2392 | D:3      | Found an opulent altar of Gozag.
  2464 | D:3      | Reached skill level 5 in Long Blades
  2535 | D:3      | Found a sacrificial altar of Ru.
  2551 | D:3      | Noticed an ogre
  2669 | D:3      | Reached XP level 4. HP: 25/29 MP: 8/8
  2730 | D:3      | Learned a level 3 spell: Spectral Weapon
  2850 | D:5      | Entered Level 5 of the Dungeon
  3199 | D:4      | Reached skill level 4 in Charms
  3323 | D:4      | Reached skill level 6 in Long Blades
  3323 | D:4      | Reached XP level 5. HP: 15/34 MP: 0/9
  3928 | D:4      | Noticed Kaishin's ghost (amateur SpEn)
  3960 | D:4      | HP: 5/34 [Kaishin's ghost (5)]
  3961 | D:4      | HP: 1/34 [Kaishin's ghost (4)]
  3961 | D:4      | Slain by Kaishin's ghost

Action                   |  1- 3 |  4- 6 || total
-------------------------+-------+-------++-------
Melee: Falchion          |   176 |   116 ||   292
Throw: Tomahawk          |       |     3 ||     3
 Cast: Shroud of Golubri |     2 |     6 ||     8
       Infusion          |     2 |     6 ||     8
  Eat: Chunk             |     6 |     5 ||    11
Armor: Leather armour    |    30 |    20 ||    50
Dodge: Dodged            |    93 |    72 ||   165
